 Dungeon Crawl Stone Soup version 0.30-a0-1053-gbd8d5ba0ad (webtiles) character file.

Game seed: 632493241504048049

161 funkygono the Covered (level 5, -7/46 HPs)
             Began as a Minotaur Fighter on Apr 11, 2023.
             Mangled by Menkaure (20 damage)
             ... on level 4 of the Dungeon.
             The game lasted 00:02:41 (2430 turns).

funkygono the Covered (Minotaur Fighter)            Turns: 2430, Time: 00:02:42

Health: -7/46      AC: 11    Str: 28    XL:     5   Next: 18%
Magic:  4/4        EV:  8    Int:  5    God:
Gold:   203        SH:  4    Dex: 10    Spells: 4/4 levels left

rFire   . . .      SeeInvis .    a - +0 war axe
rCold   . . .      Faith    .    c - +0 buckler
rNeg    . . .      Spirit   .    e - +0 chain mail
rPois   .          Reflect  .    (helmet restricted)
rElec   .          Rampage  .    (no cloak)
rCorr   .                        (no gloves)
Will    .....                    r - +0 pair of boots Stlth
                                 (no amulet)
HPRegen 0.27/turn                p - +6 ring of strength
MPRegen 0.09/turn                (no ring)

@: lethally poisoned (-7 -> -13)
A: horns 2, retaliatory headbutt
a: no special abilities


You were on level 4 of the Dungeon.
You visited 1 branch of the dungeon, and saw 4 of its levels.

You collected 203 gold pieces.

Inventory:

Hand Weapons
 a - a +0 war axe (weapon)
Missiles
 k - 7 poisoned darts (quivered)
 n - 3 datura-tipped darts
Armour
 c - a +0 buckler (worn)
 e - a +0 chain mail (worn)
 r - a +0 pair of boots (worn)
Jewellery
 l - a ring of ice
 p - a +6 ring of strength (left hand)
Scrolls
 f - a scroll of teleportation
Potions
 d - a potion of might
 h - a potion of curing
 j - 2 potions of berserk rage
 m - a potion of heal wounds
 s - a potion of brilliance


   Skills:
 + Level 4.2 Fighting
 + Level 4.0 Axes
 + Level 4.9 Armour
 + Level 0.6 Dodging
 + Level 0.4 Stealth
 + Level 4.5 Shields


You had 4 spell levels left.
You didn't know any spells.
Your spell library contained the following spells:

 Spells                   Type           Power      Damage    Failure   Level
 Sandblast                Erth           0%         2d4       96%         1
 Passwall                 Tmut/Erth      0%         N/A       99%         2
 Stone Arrow              Conj/Erth      0%         3d7       100%        3


Dungeon Overview and Level Annotations

Branches:
Dungeon (4/15)
 Temple: D:4-7

Altars:
Gozag

Shops:
D:3 (

Annotations:
D:4 Menkaure


Innate Abilities, Weirdness & Mutations

You have a pair of horns on your head.
You reflexively headbutt those who attack you in melee.


Message History

An adder is nearby!
The adder barely misses you.
There is a stone staircase leading down here.
You completely miss the adder. Your headbutt misses the adder.
The adder bites you but does no damage. The adder barely misses you.
You slash the adder!
You kill the adder!
Your Axes skill increases to level 4!
You see here an adder corpse.
You open the door.
Found an opulent altar of Gozag.
There is an open door here.
You open the door.
There is an opulent altar of Gozag here.
As you open the door, it creaks loudly!
You hear a shout! x2
There is an open door here.
Menkaure, Prince of Dust comes into view.
Menkaure shouts!
You hear a shout!
An orc comes into view. It is wielding a +1 flail of venom.
Menkaure hits you.
You hit Menkaure.
Menkaure is lightly damaged.
Menkaure gestures at you while chanting.
Pain shoots through your body!
You hit Menkaure.
Menkaure is moderately damaged.
Menkaure points at you and mumbles some strange words.
Pain shoots through your body!
You barely miss Menkaure.
Menkaure is moderately damaged.
Menkaure gestures at you while chanting.
You barely resist. You slash Menkaure!
Menkaure is severely damaged.
You barely miss the orc.
The orc hits you with a +1 flail of venom.
* * * LOW HITPOINT WARNING * * *
You are poisoned.
Menkaure hits you!!
You die...

######.# ##......##
###..####..#
#..........# ...+.
#.###.###..#....## #.#
#.# #.###...
#@###'###..##..#
#Mo.'_'.....#..###
....#######.........
....# ### #.###..#..
....#######...†.....
..............>.....#
##.....###.......#...[
#..... #.##.#..#.#.#
..############


You could see Menkaure and an orc.

Vanquished Creatures
  Jessica (D:3)
  Natasha (thrice) (D:3)
  3 adders
  3 ball pythons
  2 endoplasms
  7 hobgoblins
  3 kobolds (D:1)
  A quokka (D:1)
  5 bats
  2 frilled lizards
  2 goblins (D:2)
  4 rats
36 creatures vanquished.

Notes
Turn   | Place    | Note
-------+----------+-------------------------------------------
     0 | D:1      | funkygono the Minotaur Fighter began the quest for the Orb.
     0 | D:1      | Reached XP level 1. HP: 19/19 MP: 0/0
   255 | D:1      | Reached XP level 2. HP: 23/27 MP: 1/1
   593 | D:1      | Found a faded altar of an unknown god.
  1602 | D:3      | Reached XP level 3. HP: 33/33 MP: 2/2
  1621 | D:3      | Noticed Jessica
  1625 | D:3      | Killed Jessica
  1715 | D:3      | Noticed Natasha
  1720 | D:3      | Killed Natasha
  1721 | D:3      | Reached XP level 4. HP: 31/40 MP: 3/3
  1871 | D:3      | Noticed Natasha
  1876 | D:3      | Killed Natasha
  2013 | D:3      | Found Osyt's Weapon Shop.
  2015 | D:3      | Noticed Natasha
  2020 | D:3      | Killed Natasha
  2021 | D:3      | Reached XP level 5. HP: 34/46 MP: 4/4
  2411 | D:4      | Found an opulent altar of Gozag.
  2423 | D:4      | Noticed Menkaure
  2430 | D:4      | Mangled by Menkaure

Illustrated notes

Levels and vault maps discovered:
D:1:      nicolae_arrival_washed_ashore, layout_basic,
          ebering_ecumenical_altar_webs
D:2:      kennysheep_big_flooded_room, layout_loops_ring
D:3:      layout_basic, serial_shops, nicolae_shop_bloodbath_and_beyond,
          uniq_jessica, uniq_natasha
D:4:      dreamdust_elfheim, layout_basic, lemuel_doored_altar,
          nicolae_underground_beach, uniq_menkaure, uniq_robin,
          uniq_crazy_yiuf_cottage

Skill      XL: |  1  2  3  4  5 |
---------------+----------------+-----
Armour         | 4 |  4.9
Shields        | 4 |  4.5
Fighting       | 4 |  4.2
Axes           | 3 4 |  4.0
Dodging        | |  0.6
Stealth        | |  0.4

Action                     |  1- 3 |  4- 6 || total
---------------------------+-------+-------++-------
  Melee: War axe           |    48 |    27 ||    75
         Headbutt          |     6 |     3 ||     9
    Use: Scroll            |       |     8 ||     8
 Armour: Scale mail        |    23 |     8 ||    31
         Chain mail        |       |     1 ||     1
  Dodge: Dodged            |    19 |    10 ||    29
  Block: Buckler           |    10 |     4 ||    14

Table legend: (Time is in decaauts)
 A = Elapsed time spent in this place.
 B = Non-inter-level travel time spent in this place.
 C = Inter-level travel time spent in this place.
 D = Time resting spent in this place.
 E = Time spent auto-exploring this place.
 F = Levels seen in this place.
 G = Mean time per level.
                   A        B        C        D        E       F      G
               +--------+--------+--------+--------+--------+-----+--------+
         Total |   2457 |   2402 |     55 |      0 |   2065 |   4 |  614.2 |
       Dungeon |   2457 |   2402 |     55 |      0 |   2065 |   4 |  614.2 |
               +--------+--------+--------+--------+--------+-----+--------+

Top non-repeatable levels by time:
     D:3: 941 daAuts
     D:1: 743 daAuts
     D:2: 622 daAuts
     D:4: 149 daAuts
